 Dungeon Crawl Stone Soup version 0.21.0-3-g78d12a8 (webtiles) character file.

46 Ignatius881 the Firebug (level 3, 0/19 HPs)
             Began as a Deep Elf Fire Elementalist on Jan 9, 2018.
             Slain by a bat (1 damage)
             ... on level 3 of the Dungeon.
             The game lasted 00:07:56 (1502 turns).

Ignatius881 the Firebug (DEFE)                      Turns: 1502, Time: 00:07:57

Health: 0/19       AC:  2    Str:  5    XL:     3   Next: 44%
Magic:  8/10       EV: 13    Int: 20    God:
Gold:   0          SH:  0    Dex: 15    Spells: 6/9 levels left

rFire    . . .     SeeInvis .   (no weapon)
rCold    . . .     Gourm    .   (no shield)
rNeg     . . .     Faith    .   a - +0 robe
rPois    .         Spirit   .   (no helmet)
rElec    .         Reflect  .   (no cloak)
rCorr    .         Harm     .   (no gloves)
MR       .....                  (no boots)
Stlth    ++........             (no amulet)
HPRegen  0.06/turn              (no ring)
MPRegen  0.12/turn              (no ring)

@: no status effects
A: no striking features
a: no special abilities


You were on level 3 of the Dungeon.
You were hungry.

You visited 1 branch of the dungeon, and saw 3 of its levels.

Inventory:

Missiles
 l - 19 stones (quivered)
Armour
 a - a +0 robe (worn)
Scrolls
 c - a scroll of identify {unknown}
 f - a scroll of blinking {unknown}
 g - a scroll of remove curse {unknown}
 h - a scroll of magic mapping {unknown}
Potions
 d - a potion of flight {unknown}
 i - a potion of curing {unknown}
 j - a potion of degeneration {unknown}
Books
 b - a book of Flames
Comestibles
 e - 2 rations
 k - a chunk of flesh


   Skills:
 - Level 2.4 Dodging
 - Level 2.4 Stealth
 + Level 3.7 Spellcasting
 * Level 2.7 Conjurations
 + Level 3.7 Fire Magic


You had 6 spell levels left.
You knew the following spells:

 Your Spells              Type           Power        Failure   Level  Hunger
a - Flame Tongue          Conj/Fire      ###..        3%          1    None
b - Throw Flame           Conj/Fire      ###...       5%          2    ##.....


Dungeon Overview and Level Annotations

Branches:
Dungeon (2/15)

Altars:
Fedhas


Message History

Sorry, you're not good enough to have a special ability.
Unknown command.
Sorry, you're not good enough to have a special ability.
Unknown command.
Sorry, you're not good enough to have a special ability.
Aim: an adder (lightly wounded)
The puff of flame hits the adder.
The bat closely misses you. The adder bites you but does no damage.
The adder closely misses you.
Aim: an adder (almost dead)
The puff of flame hits the adder.
You kill the adder!
The bat closely misses you. The bat closely misses you. The bat misses you.
The bat closely misses you. The bat hits you but does no damage.
The bat hits you but does no damage.
Found 13 gold pieces.
The bat hits you but does no damage. The bat hits you.
An orc comes into view.
The bat hits you.
Found a ration.
An orc comes into view. It is wielding a mace of protection.
The orc shouts!
You hear a shout! x2
The bat closely misses you. The bat hits you but does no damage.
You hear a shout!
An orc and an orc priest come into view.
The orc shouts!
You hear a shout!
The bat hits you but does no damage.
An orc comes into view. It is wielding a club.
An orc comes into view. It is wielding a club.
The orc shouts! x2
The bat hits you. The orc hits you.
* * * LOW HITPOINT WARNING * * *
The orc misses you. The bat hits you.
* * * LOW HITPOINT WARNING * * *
The orc priest begins to cast a cantrip, but forgets the words!
The bat closely misses you. The bat closely misses you. The orc hits you.
* * * LOW HITPOINT WARNING * * *
The bat misses you. The bat hits you but does no damage.
The bat barely misses you. The bat closely misses you. The bat hits you.
* * * LOW HITPOINT WARNING * * *
Found a scroll labeled DIBEGO GEUX.
The bat barely misses you. The bat barely misses you. The bat hits you.
You die...

...o...... #.##.
###....o....
#.##..#....o....>.
......#.#.########
#?# #.#o#.# #.#
#....o#
#.###.....########
#.##.%o$o.........
#@###..o..########
#b# ##o.o##
#.#####.##
#...g.o.#
#########


You could see a bat.

Vanquished Creatures
  An adder (D:3)
  An ooze (D:1)
  3 dart slugs (D:1)
  2 giant cockroaches (D:1)
  4 goblins (D:1)
  2 hobgoblins (D:2)
  A ball python (D:1)
  5 bats (D:1)
  A frilled lizard (D:1)
  3 kobolds (D:1)
  5 rats
28 creatures vanquished.

Notes
Turn   | Place    | Note
-------+----------+-------------------------------------------
     0 | D:1      | Ignatius881 the Deep Elf Fire Elementalist began the quest for the Orb.
     0 | D:1      | Reached XP level 1. HP: 10/10 MP: 6/6
   316 | D:1      | Reached XP level 2. HP: 15/15 MP: 6/8
   425 | D:1      | Learned a level 2 spell: Throw Flame
  1098 | D:1      | Reached XP level 3. HP: 19/19 MP: 7/10
  1227 | D:2      | Found a blossoming altar of Fedhas.
  1390 | D:2      | You fall through a shaft!
  1502 | D:3      | Slain by a bat

Skill      XL: |  1  2 |
---------------+-------+-----
Conjurations   | 2 |  2.7
Dodging        | |  2.4
Stealth        | |  2.4
Spellcasting   | |  3.7
Fire Magic     | |  3.7

Action                   || total
-------------------------++-------
Melee: Unarmed           ||     7
Throw: Stone             ||     1
 Cast: Flame Tongue      ||    16
       Throw Flame       ||    28
  Eat: Chunk             ||     2
Armor: Robe              ||    13
Dodge: Dodged            ||    36
